 Dungeon Crawl Stone Soup version 0.17.1-1-g73c8601 (webtiles) character file.

885 Killerpretzel the Destroyer (level 7, -4/36 HPs)
             Began as a Deep Elf Conjurer on Dec 17, 2015.
             Slain by a troll (16 damage)
             ... on level 6 of the Dungeon.
             The game lasted 00:32:42 (6731 turns).

Killerpretzel the Destroyer (Deep Elf Conjurer)     Turns: 6731, Time: 00:32:42

Health: -4/36      AC:  2    Str:  7    XL:     7   Next: 76%
Magic:  3/13       EV: 13    Int: 20    God:
Gold:   197        SH:  0    Dex: 15    Spells: 3 memorised, 4 levels left

rFire  . . .     SeeInvis .     q - +2 short sword (venom)
rCold  . . .     Clarity  .     a - +0 robe
rNeg   . . .     SustAt   .     (no shield)
rPois  .         Gourm    .     (no helmet)
rElec  .         Spirit   .     (no cloak)
rCorr  .         Warding  .     (no gloves)
rMut   .         Stasis   .     (no boots)
MR     .....                    (no amulet)
Stlth  ++........               (no ring)
                                (no ring)

@: not resistant to hostile enchantments, unstealthy
A: no striking features
a: no special abilities


You were on level 6 of the Dungeon.
You were very hungry.

You visited 1 branch of the dungeon, and saw 6 of its levels.

You collected 197 gold pieces.

Inventory:

Hand Weapons
 j - a +0 hunting sling
 q - a +2 short sword of venom (weapon)
 s - a +0 blowgun
 w - a +1 dagger of chaos {!*}
 x - a +0 blowgun
 C - a +1 rapier of venom
Missiles
 e - 24 poisoned needles
 f - 5 needles of sleeping
 i - 216 stones (quivered)
 l - 4 sling bullets of frost
 r - a throwing net
Armour
 a - a +0 robe (worn)
 A - a +0 helmet
 B - a cursed +0 leather armour
Jewellery
 h - an uncursed ring of ice
 z - a cursed -5 ring of intelligence {unknown}
 E - a +3 ring of strength {unknown}
Scrolls
 d - a scroll of teleportation
 k - 5 scrolls of identify
 m - a scroll of amnesia {unknown}
 n - a scroll of enchant weapon {unknown}
 o - 3 scrolls of remove curse
 p - a scroll of enchant armour {unknown}
 y - a scroll of blinking {unknown}
 D - a scroll of fog {unknown}
Potions
 t - 2 potions of heal wounds {unknown}
 u - a potion of might {unknown}
 v - 2 potions of poison {unknown}
Books
 b - a book of Conjurations

   Spells                             Type                      Level
   a - Magic Dart                     Conjuration                  1
   b - Searing Ray                    Conjuration                  2
   c - Dazzling Spray                 Conjuration/Hexes            3
   d - Fulminant Prism                Conjuration/Hexes            4
   e - Iskenderun's Mystic Blast      Conjuration                  4
   f - Iskenderun's Battlesphere      Conjuration/Charms           5
Comestibles
 c - 3 bread rations
 g - 2 meat rations


   Skills:
 - Level 2.4 Dodging
 - Level 2.4 Stealth
 - Level 3.0 Spellcasting
 + Level 9.0 Conjurations
 + Level 7.3 Charms


You had 4 spell levels left.
You knew the following spells:

 Your Spells              Type           Power        Failure   Level  Hunger
a - Magic Dart            Conj           ####         1%          1    None
b - Searing Ray           Conj           #####.       1%          2    ##.....
w - Iskenderun's Battles  Conj/Chrm      #####...     17%         5    ######.


Dungeon Overview and Level Annotations

Branches:
Dungeon (6/15)
 Temple: D:4-7

Altars:
Ashenzari
Nemelex Xobeh
Okawaru
Qazlal
Ru
Xom


Message History

The magic dart hits the troll.
The troll is moderately wounded.
Your battlesphere wavers and loses cohesion.
Casting: Magic Dart
Confirm with . or Enter, or press ? or * to list all spells.
Aiming: Searing Ray
Press: ? - help, Shift-Dir - straight line, f/p - troll
Aim: a troll (lightly wounded)
The searing ray hits the troll.
The troll is moderately wounded.
The searing ray misses the troll.
The searing ray hits the troll.
The troll is heavily wounded.
The troll closely misses you. The troll claws you!
The troll closely misses you.
The searing ray hits the troll.
The troll is severely wounded.
The troll closely misses you. The troll misses you. The troll claws you!
The troll bites you!
You die...

#.## #.#.# #....# .... #.##.#
...# #(##.#### ...# #######
#.......# ...# #<....#
#.##.##.#####...####
#.....####.##.##.#...........
#..........##...@T.....>.....
#.....####.##.##$#.......)...
#.....# #......#.###.#...#.##
####### #........# #........
#.###..### #.#...#.# #. ...#
#.#...# # #. ##.# #.#.... #.
.# #(...... #. .#


You could see a troll.

Vanquished Creatures
  An ogre (D:6)
  A phantom (D:4)
  2 giant frogs
  4 crimson imps
  A centaur zombie (D:5)
  3 orc wizards (D:3)
  2 hounds (D:5)
  Robin (D:4)
  8 gnolls
  5 adders
  A shadow imp (D:3)
  A worm (D:4)
  6 giant geckos
  9 orcs
  7 bats
  17 hobgoblins
  A quokka (D:3)
  4 giant cockroaches
  A giant gecko zombie (D:5)
  5 giant newts
  17 goblins
  9 kobolds
  4 rats
110 creatures vanquished.

Notes
Turn   | Place    | Note
--------------------------------------------------------------
     0 | D:1      | Killerpretzel the Deep Elf Conjurer began the quest for the Orb.
     0 | D:1      | Reached XP level 1. HP: 10/10 MP: 6/6
   222 | D:1      | Reached XP level 2. HP: 15/15 MP: 6/8
   249 | D:1      | Learned a level 2 spell: Searing Ray
   285 | D:1      | Reached skill level 5 in Conjurations
   386 | D:1      | Found a sparkling altar of Nemelex Xobeh.
  1039 | D:2      | Reached XP level 3. HP: 19/19 MP: 6/9
  1108 | D:2      | Found a shimmering altar of Xom.
  1587 | D:2      | Found a shattered altar of Ashenzari.
  1826 | D:2      | Reached skill level 6 in Conjurations
  2108 | D:2      | Found an iron altar of Okawaru.
  2161 | D:2      | Reached XP level 4. HP: 20/24 MP: 6/10
  3353 | D:3      | Reached XP level 5. HP: 23/28 MP: 2/11
  3360 | D:3      | Learned a level 5 spell: Iskenderun's Battlesphere
  3462 | D:3      | Reached skill level 7 in Conjurations
  3462 | D:3      | Reached skill level 1 in Charms
  3910 | D:3      | Reached XP level 6. HP: 32/32 MP: 3/12
  4076 | D:3      | Found a stormy altar of Qazlal.
  4077 | D:3      | Noticed a fire elemental
  4079 | D:3      | Noticed a water elemental
  4079 | D:3      | Noticed an air elemental
  4321 | D:3      | Found a sacrificial altar of Ru.
  4553 | D:3      | Noticed a giant frog
  4558 | D:3      | Killed a giant frog
  4836 | D:4      | Reached skill level 5 in Charms
  5034 | D:4      | Found a shimmering altar of Xom.
  5046 | D:4      | Reached skill level 8 in Conjurations
  5202 | D:4      | Reached XP level 7. HP: 36/36 MP: 7/13
  5272 | D:4      | Noticed Robin
  5989 | D:4      | Killed Robin
  6137 | D:5      | Entered Level 5 of the Dungeon
  6714 | D:6      | Noticed a troll
  6717 | D:6      | Reached skill level 9 in Conjurations
  6731 | D:6      | Slain by a troll

Action                   |  1- 3 |  4- 6 |  7- 9 || total
-------------------------+-------+-------+-------++-------
Melee: Short sword       |       |     1 |     7 ||     8
 Cast: Magic Dart        |    69 |   117 |    67 ||   253
       Searing Ray       |       |    17 |     8 ||    25
       Iskenderun's Batt |       |       |     4 ||     4
  Use: Scroll            |     4 |     1 |       ||     5
  Eat: Chunk             |     3 |     5 |     6 ||    14
       Meat ration       |       |     1 |       ||     1
